General information
- name: BNet
- type: Ladder team game (AT/RT)
- host: Battle.net
- saver: noooooobs
map: CentaurGrove
- players: 4
- length: 18:18
- speed: Fast
- version: 1.24 W3XP
- replay type: Public
» download(121 KB)
Players
team 1 (winner)

»
EnCuLaCaBraS. (
pink | 106 APM | 1944 actions | 18:17)
4 Death Knight
2 Death Coil
1 Death Pact
1 Unholy Aura
3 Lich
2 Frost Nova
1 Frost Armor
» actions
| Assign group hotkey | 62 | |
| Build / train | 56 | |
| Enter build submenu | 15 | |
| Enter hero's abilities submenu | 7 | |
| Give item / drop item | 3 | |
| Right click | 826 | |
| Select / deselect | 197 | |
| Select group hotkey | 700 | |
| Use ability | 78 | |
1944 total
» units
| Acolyte | 2 | |
| Ghoul | 3 | |
| Crypt Fiend | 11 | |
| Obsidian Statue | 8 | |
| Frost Wyrm | 2 | |
26 total
» upgrades
| Creature Attack | 2 | |
| Burrow | 1 | |
| Web | 1 | |
| Destroyer Form | 1 | |
5 total
» buildings
| Graveyard | 1 | |
| Crypt | 1 | |
| Altar of Darkness | 1 | |
| Ziggurat | 7 | |
| Tomb of Relics | 1 | |
| Nerubian Tower | 1 | |
| Halls of the Dead | 1 | |
| Black Citadel | 1 | |
| Slaughterhouse | 1 | |
| Sacrificial Pit | 1 | |
| Boneyard | 1 | |
17 total
» build order
00:13 Graveyard
00:16 Crypt
00:44 Altar of Darkness
00:59 Ziggurat
01:12 Tomb of Relics
02:02 Ziggurat
02:39 Nerubian Tower
04:11 Halls of the Dead
05:02 Ziggurat
08:04 Black Citadel
08:07 Ziggurat
09:55 Slaughterhouse
09:57 Ziggurat
11:27 Sacrificial Pit
12:14 Ziggurat
12:24 Boneyard
12:39 Ziggurat
» items
| Rod of Necromancy | 3 | |
| Dust of Appearance | 1 | |
| Lesser Clarity Potion | 2 | |
| Healing Salve | 1 | |
| Potion of Healing | 2 | |
| Scroll of Town Portal | 2 | |
| Scroll of Protection | 1 | |
| Scroll of Healing | 1 | |
13 total

»
noooooobs (
blue | 133 APM | 2433 actions | 18:18)
4 Blademaster
2 Wind Walk
2 Critical Strike
3 Shadow Hunter
1 Hex
2 Healing Wave
» actions
| Assign group hotkey | 50 | |
| Basic commands | 10 | |
| Build / train | 65 | |
| ESC pressed | 1 | |
| Enter build submenu | 15 | |
| Enter hero's abilities submenu | 7 | |
| Give item / drop item | 2 | |
| Right click | 953 | |
| Select / deselect | 660 | |
| Select group hotkey | 542 | |
| Use ability | 128 | |
2433 total
» units
| Peon | 8 | |
| Grunt | 11 | |
| Raider | 5 | |
| Spirit Walker | 6 | |
| Kodo Beast | 3 | |
33 total
» upgrades
| Ensnare | 1 | |
| Spirit Walker Training | 1 | |
| Pillage | 1 | |
| Berserker Strength | 1 | |
| Melee Weapons | 1 | |
| Armor | 1 | |
6 total
» buildings
| Altar of Storms | 1 | |
| Orc Burrow | 6 | |
| Barracks | 1 | |
| Voodoo Lounge | 1 | |
| Stronghold | 2 | |
| Beastiary | 1 | |
| Spirit Lodge | 1 | |
| War Mill | 1 | |
| Great Hall | 1 | |
15 total
» build order
00:07 Altar of Storms
00:19 Orc Burrow
00:36 Barracks
01:25 Orc Burrow
01:54 Voodoo Lounge
03:09 Stronghold
03:09 Stronghold
04:56 Orc Burrow
05:35 Beastiary
05:37 Spirit Lodge
06:47 Orc Burrow
10:11 War Mill
10:48 Orc Burrow
12:39 Orc Burrow
13:39 Great Hall
» items
| Dust of Appearance | 1 | |
| Circlet of Nobility | 1 | |
| Healing Salve | 4 | |
| Lesser Clarity Potion | 3 | |
| Scroll of Speed | 1 | |
| Scroll of Healing | 1 | |
| Scroll of Protection | 1 | |
| Scroll of Town Portal | 1 | |
13 total
team 2 (loser)
LoveSweetS0und (
purple | 98 APM | 1793 actions | 18:15)
4 Blademaster
2 Wind Walk
2 Critical Strike
2 Shadow Hunter
1 Hex
1 Healing Wave
» actions
| Assign group hotkey | 26 | |
| Basic commands | 31 | |
| Build / train | 61 | |
| Enter build submenu | 18 | |
| Enter hero's abilities submenu | 6 | |
| Give item / drop item | 3 | |
| Remove unit from queue | 3 | |
| Right click | 837 | |
| Select / deselect | 360 | |
| Select group hotkey | 333 | |
| Use ability | 115 | |
1793 total
» units
| Peon | 6 | |
| Grunt | 8 | |
| Raider | 5 | |
| Spirit Walker | 3 | |
| Kodo Beast | 2 | |
24 total
» upgrades
| Berserker Strength | 1 | |
| Ensnare | 1 | |
| Spirit Walker Training | 1 | |
| Pillage | 0 | |
| Armor | 1 | |
4 total
» buildings
| Altar of Storms | 1 | |
| Orc Burrow | 8 | |
| Voodoo Lounge | 2 | |
| Barracks | 1 | |
| Stronghold | 1 | |
| Beastiary | 1 | |
| Spirit Lodge | 1 | |
| War Mill | 1 | |
| Fortress | 1 | |
17 total
» build order
00:11 Altar of Storms
00:20 Orc Burrow
00:37 Voodoo Lounge
01:43 Barracks
02:03 Orc Burrow
02:45 Stronghold
05:03 Orc Burrow
06:45 Beastiary
06:47 Spirit Lodge
08:26 Voodoo Lounge
09:57 Orc Burrow
10:16 Orc Burrow
10:25 Orc Burrow
12:21 Orc Burrow
12:24 War Mill
13:42 Orc Burrow
15:48 Fortress
» items
| Healing Salve | 4 | |
| Lesser Clarity Potion | 2 | |
| Circlet of Nobility | 1 | |
| Boots of Speed | 3 | |
| Dust of Appearance | 1 | |
| Scroll of Speed | 1 | |
| Potion of Healing | 2 | |
| Potion of Lesser Invulnerability | 1 | |
| Potion of Mana | 1 | |
| Scroll of Town Portal | 1 | |
17 total
Wh4tD0y0uW4nT_0 (
green | 111 APM | 2026 actions | 18:17)
3 Demon Hunter
2 Mana Burn
1 Evasion
3 Dark Ranger
2 Black Arrow
1 Life Drain
» actions
| Assign group hotkey | 259 | |
| Basic commands | 1 | |
| Build / train | 65 | |
| Enter build submenu | 19 | |
| Enter hero's abilities submenu | 6 | |
| Give item / drop item | 5 | |
| Remove unit from queue | 1 | |
| Right click | 1148 | |
| Select / deselect | 293 | |
| Select group hotkey | 162 | |
| Use ability | 67 | |
2026 total
» units
| Wisp | 27 | |
| Archer | 1 | |
| Dryad | 6 | |
| Druid of the Claw | 4 | |
38 total
» upgrades
| Druid of the Claw Training | 2 | |
| Abolish Magic | 1 | |
| Reinforced Hides | 1 | |
| Strength of the Wild | 2 | |
| Mark of the Claw | 1 | |
7 total
» buildings
| Altar of Elders | 1 | |
| Moon Well | 6 | |
| Ancient of War | 1 | |
| Tree of Ages | 1 | |
| Hunter's Hall | 1 | |
| Ancient Protector | 2 | |
| Ancient of Lore | 2 | |
| Ancient of Wonders | 1 | |
| Tree of Eternity | 1 | |
| Tree of Life | 1 | |
17 total
» build order
00:07 Altar of Elders
00:10 Moon Well
00:35 Ancient of War
01:51 Moon Well
02:51 Tree of Ages
03:21 Hunter's Hall
04:35 Ancient Protector
04:38 Ancient Protector
05:25 Ancient of Lore
06:00 Ancient of Lore
07:40 Moon Well
08:15 Ancient of Wonders
08:21 Moon Well
09:53 Tree of Eternity
11:14 Moon Well
11:19 Moon Well
14:02 Tree of Life
» items
| Scroll of Town Portal | 2 | |
| Potion of Healing | 2 | |
| Staff of Preservation | 1 | |
| Dust of Appearance | 1 | |
| Orb of Venom | 1 | |
7 total
Chat log
(00:20 / Allies) EnCuLaCaBraS.: always ud
(00:21 / Allies) EnCuLaCaBraS.: xd
(00:23 / Allies) noooooobs: :D
(02:25 / Allies) EnCuLaCaBraS.: good
(02:26 / Allies) EnCuLaCaBraS.: xd
(03:27 / Allies) noooooobs: come
(03:37 / Allies) EnCuLaCaBraS.: cooming
(07:16 / Allies) noooooobs: go
(07:20 / Allies) noooooobs: he -3 grunt
(08:37 / Allies) EnCuLaCaBraS.: go
(08:45 / Allies) EnCuLaCaBraS.: dh
(09:39 / Allies) noooooobs: me b
(11:10 / Allies) EnCuLaCaBraS.: go?
(11:15 / Allies) noooooobs: 1 more cc
(12:33 / Allies) EnCuLaCaBraS.: use gold
(12:34 / Allies) EnCuLaCaBraS.: or give me
(12:34 / Allies) EnCuLaCaBraS.: xd
(12:41 / Allies) noooooobs: go
(13:04 / Allies) EnCuLaCaBraS.: sec
(13:13 / Allies) EnCuLaCaBraS.: go
(13:58 / Allies) EnCuLaCaBraS.: go
(15:10 / Allies) EnCuLaCaBraS.: b
(15:14 / Allies) noooooobs: ofmg
(15:15 / Allies) noooooobs: no tp
(15:27 / Allies) EnCuLaCaBraS.: gold
(15:28 / Allies) EnCuLaCaBraS.: plz
(15:30 / Allies) EnCuLaCaBraS.: and go re
(15:50 / Allies) EnCuLaCaBraS.: go
(16:08 / Allies) EnCuLaCaBraS.: 100 g?
(16:08 / Allies) EnCuLaCaBraS.: for tp
(16:14 / Allies) EnCuLaCaBraS.: ty
(16:29 / Allies) EnCuLaCaBraS.: go
(17:55 / All) Wh4tD0y0uW4nT_0: noobs
(17:57 / All) Wh4tD0y0uW4nT_0: nice
(17:59 / All) noooooobs: D
(18:02 / All) Wh4tD0y0uW4nT_0: Focsu
(18:14 / All) LoveSweetS0und: noobs